 Dungeon Crawl Stone Soup version 0.27.1-33-g824d729ab1 (webtiles) character file.

Game seed: 1571339930307172788

291 MisterFreud the Magician (level 6, -7/44 HPs)
             Began as a Mummy Conjurer on Dec 20, 2021.
             Killed by divine providence
             ... invoked by an orc priest
              (15 damage)
             ... on level 4 of the Dungeon.
             The game lasted 00:07:30 (5380 turns).

MisterFreud the Magician (Mummy Conjurer)           Turns: 5380, Time: 00:07:30

Health: -7/44      AC:  2    Str: 10    XL:     6   Next: 10%
Magic:  13/13      EV: 12    Int: 19    God:
Gold:   176        SH:  0    Dex: 11    Spells: 12/15 levels left

rFire    x . .     SeeInvis +   d - +0 dagger
rCold    + . .     Faith    .   (no shield)
rNeg     + + +     Spirit   .   a - +0 robe
rPois    ∞         Reflect  .   (no helmet)
rElec    .         Harm     .   (no cloak)
rCorr    .         Rampage  .   (no gloves)
Will     .....                  (no boots)
Stlth    ++........             (no amulet)
HPRegen  0.14/turn              e - ring of see invisible
MPRegen  0.13/turn              (no ring)

@: no status effects
A: cold resistance 1, negative energy resistance 3, torment resistance 2, heat
vulnerability 1, no potions
a: no special abilities


You were on level 4 of the Dungeon.
You visited 1 branch of the dungeon, and saw 4 of its levels.

You collected 176 gold pieces.

Inventory:

Hand Weapons
 d - a +0 dagger (weapon)
Missiles
 b - 4 javelins
 g - 5 boomerangs
Armour
 a - a +0 robe (worn)
Jewellery
 e - a ring of see invisible (left hand)
Scrolls
 c - 4 scrolls of identify {unknown}
 f - a scroll of enchant weapon {unknown}


   Skills:
 + Level 2.1 Fighting
 - Level 1.5 Dodging
 - Level 1.5 Stealth
 - Level 5.0 Spellcasting
 - Level 5.0 Conjurations


You had 12 spell levels left.
You knew the following spells:

 Your Spells              Type           Power      Damage    Failure   Level
a - Magic Dart            Conj           92%        1d7       1%          1
b - Searing Ray           Conj           46%        3d4       2%          2

Your spell library contained the following spells:

 Spells                   Type           Power      Damage    Failure   Level
 Dazzling Flash           Conj/Hex       28%        N/A       13%         3
 Fulminant Prism          Conj/Hex       7%         3d7       41%         4
 Iskenderun's Mystic Bla  Conj/Tloc      14%        2d5       41%         4


Dungeon Overview and Level Annotations

Branches:
Dungeon (4/15)
 Temple: D:4-7

Altars:
Cheibriados

Shops:
D:3 [


Innate Abilities, Weirdness & Mutations

You are immune to poison.
Your flesh is cold resistant. (rC+)
You are immune to negative energy. (rN+++)
You are immune to unholy pain and torment.
You are vulnerable to heat. (rF-)
You do not drink.


Message History

Your Fighting skill increases to level 2!
You finish channeling your searing ray.
The ball python bites you. The ball python barely misses you.
The ball python misses you. The ball python closely misses you.
Casting: Searing Ray (safe; 2% risk of failure)
Confirm with . or Enter, or press ? or * to list all spells.
Aiming: Searing Ray (safe; 2% risk of failure)
Press: ? - help, Shift-Dir - straight line, f - ball python
Aim: a ball python (75% to hit)
The searing ray hits the ball python.
You kill the ball python! (Press . to maintain the ray.) Unknown command.
You start resting.
HP restored.
You start resting.
Magic restored.
Things that are here:
a +0 dagger; a +0 robe; an orc corpse
Found a cloak.
Found a snail-covered altar of Cheibriados.
Found a slimy cloak.
You see here a +0 cloak.
An orc comes into view. It is wielding a +0 hand axe.
The orc shouts!
You hear a shout! x2
An orc warrior and an orc priest come into view.
The orc warrior shouts!
The orc priest shouts!
An orc comes into view. It is wielding a +0 whip.
An orc priest comes into view. It is wielding a +0 flail.
The orc hits you with a +0 hand axe.
The orc priest mumbles some strange prayers to Beogh against you.
Beogh smites you!
The orc priest calls down the wrath of Beogh upon you.
Beogh smites you!
The orc priest mumbles some strange prayers to Beogh against you.
Beogh smites you!
* * * LOW HITPOINT WARNING * * *
The orc priest calls down the wrath of Beogh upon you.
Beogh smites you!
You die...

#..≈≈≈≈≈≈≈≈≈.#
#............#
#..#.#########
##...# ##..##
##..## ##..##
##..# ##@##
##..# #...#
###o.##
##..o## #.o.##
#..o# ##.o#
#...#


You could see an orc warrior, 2 orc priests and 2 orcs.

Vanquished Creatures
  2 orc priests (D:3)
  Terence (D:3)
  An orc wizard (D:4)
  8 gnolls (D:2)
  An adder (D:3)
  A worm (D:4)
  A dart slug (D:1)
  15 orcs
  9 ball pythons
  3 bats
  8 endoplasms
  3 giant cockroaches
  A goblin (D:1)
  7 hobgoblins
  5 quokkas
  3 frilled lizards (D:1)
  5 kobolds
  2 rats
76 creatures vanquished.

Notes
Turn   | Place    | Note
-------+----------+-------------------------------------------
     0 | D:1      | MisterFreud the Mummy Conjurer began the quest for the Orb.
     0 | D:1      | Reached XP level 1. HP: 13/13 MP: 4/4
   485 | D:1      | Reached XP level 2. HP: 19/19 MP: 1/6
   825 | D:1      | Found a faded altar of an unknown god.
   961 | D:1      | Learned a level 2 spell: Searing Ray
  1559 | D:2      | Reached XP level 3. HP: 16/24 MP: 0/8
  2117 | D:2      | Reached XP level 4. HP: 13/30 MP: 1/10
  3682 | D:3      | Reached XP level 5. HP: 15/35 MP: 7/12
  3984 | D:3      | Reached skill level 5 in Spellcasting
  4089 | D:3      | Noticed Terence
  4101 | D:3      | Killed Terence
  4502 | D:3      | Reached skill level 5 in Conjurations
  4502 | D:3      | Reached skill level 1 in Fighting
  4945 | D:3      | Found Xattil's Armour Shop.
  5177 | D:4      | Reached XP level 6. HP: 37/44 MP: 7/13
  5324 | D:4      | Found a snail-covered altar of Cheibriados.
  5371 | D:4      | Noticed an orc warrior
  5380 | D:4      | Killed from afar by an orc priest

Illustrated notes

Levels and vault maps discovered:
D:1:      matt_arrival_spirals, layout_loops_ring, basic_ecumenical_altar
D:2:      layout_basic
D:3:      cheibrodos_pilgrimage, layout_loops_ring, serial_shops,
          nicolae_shop_competitors_out_of_business, uniq_terence
D:4:      layout_layer_cave, mainiacjoe_overflow_brackets

Skill      XL: |  1  2  3  4  5  6 |
---------------+-------------------+-----
Spellcasting   | 3 4 5 |  5.0
Conjurations   | 4 5 |  5.0
Fighting       | 1 2 |  2.1
Dodging        | |  1.5
Stealth        | |  1.5

Action                   |  1- 3 |  4- 6 || total
-------------------------+-------+-------++-------
Melee: Unarmed           |     1 |       ||     1
       Dagger            |       |    40 ||    40
 Cast: Magic Dart        |    57 |    25 ||    82
       Searing Ray       |     5 |    30 ||    35
 Stab: Sleeping          |       |     2 ||     2
Armor: Robe              |     3 |    15 ||    18
Dodge: Dodged            |    26 |    45 ||    71
